 Dungeon Crawl Stone Soup version 0.32-a0-928-g1cae6b7ea0 (webtiles) character file.

Game seed: 17435365520998029751

219 Dazliare the Shooter (level 5, 0/35 HPs)
             Began as a Coglin Enchanter on Apr 13, 2024.
             Was an Initiate of Trog.
             Slain by an orc
             ... wielding a +0 war axe
              (5 damage)
             ... on level 3 of the Dungeon.
             The game lasted 00:05:49 (3160 turns).

Dazliare the Shooter (Coglin Enchanter)             Turns: 3160, Time: 00:05:50

Health: 0/35       AC:  3    Str: 10    XL:     5   Next: 96%
Magic:  7/7        EV:  1    Int: 14    God:    Trog [......]
Gold:   42         SH:  0    Dex: 15    Spells: 5/7 levels left

rFire   . . .        n - +1 orcbow (elec) {Frauke}
rCold   . . .        (shield currently unavailable)
rNeg    . . .        b - +0 robe
rPois   .            g - +0 helmet
rElec   .            (no cloak)
rCorr   .            (no gloves)
SInv    .            (no boots)
Will    .....        (amulet unavailable)
Stlth   ++           (ring unavailable)
HPRegen 0.25/turn    (ring unavailable)
MPRegen 0.10/turn    (no gizmo)

%: no passive effects
@: constricted, revved
A: off-hand wielding, slow wielding, warmup strikes, no jewellery
a: Invent Gizmo, Renounce Religion


You were on level 3 of the Dungeon.
You worshipped Trog.
Trog was noncommittal.
You visited 1 branch of the dungeon, and saw 4 of its levels.

You collected 199 gold pieces.
You spent 157 gold pieces at shops.

Inventory:

Hand Weapons
 c - a +0 spear {Rabi}
 n - a +1 orcbow of electrocution (weapon) {Frauke}
Missiles
 l - 11 poisoned darts
Armour
 b - a +0 robe (worn)
 g - a +0 helmet (worn)
Wands
 o - a wand of polymorph (9)
Scrolls
 d - 2 scrolls of brand weapon {unknown}
 f - 2 scrolls of identify {unknown}
 k - a scroll of fog {unknown}
 m - a scroll of enchant armour {unknown}
Potions
 a - a potion of enlightenment {unknown}
 e - 2 potions of degeneration {unknown}
 h - 3 potions of curing {unknown}
 i - a potion of might {unknown}
 j - a potion of haste {unknown}


   Skills:
 - Level 2.8 Short Blades
 + Level 1.8 Polearms
 + Level 3.4 Ranged Weapons
 - Level 1.7 Dodging
 - Level 2.4 Stealth
 - Level 1.7 Spellcasting
 - Level 2.6 Hexes


You had 5 spell levels left.
You knew the following spells:

 Your Spells              Type           Power      Damage    Failure   Level
a - Ensorcelled Hibernat  Hex/Ice        8%         N/A       22%         2

Your spell library contained the following spells:

 Spells                   Type           Power      Damage    Failure   Level
 Apportation              Tloc           2%         N/A       24%         1
 Necrotise                Necr           4%         1d4       24%         1
 Sting                    Conj/Alch      4%         1d3       24%         1
 Summon Small Mammal      Summ           4%         N/A       24%         1
 Confusing Touch          Hex            8%         N/A       24%         3
 Tukima's Dance           Hex            8%         N/A       24%         3
 Blink                    Tloc           2%         N/A       36%         2
 Lesser Beckoning         Tloc           2%         N/A       36%         2
 Momentum Strike          Conj/Tloc      2%         3d8       36%         2
 Dazzling Flash           Conj/Hex       8%         N/A       38%         3
 Dimensional Bullseye     Hex/Tloc       2%         N/A       80%         4
 Iskenderun's Mystic Bla Conj/Tloc 1%             2d3        (+2d1     94%         4


Dungeon Overview and Level Annotations

Branches:
Dungeon (4/15)
 Temple: D:4-7

Altars:
Elyvilon
Gozag
Sif Muna
Trog
Uskayaw
Wu Jian
Zin

Shops:
D:1 **((


Innate Abilities, Weirdness & Mutations

You can wield a second weapon in your off-hand.
It takes a long time for you to wield or remove held weapons.
Your first few attacks do less damage.
You cannot equip rings or amulets.


Message History

You are too injured to fight recklessly!
You are too injured to fight recklessly!
Fire: n) +1 orcbow (elec) {Frauke}
Press: ? - help, Q - select action, (/) - cycle Shift-Dir - straight line, f/p - hobgoblin
Aim: a hobgoblin (heavily wounded, 52% to hit)
You shoot an arrow.
The arrow hits the hobgoblin but does no damage.
The hobgoblin is heavily wounded.
The orc misses you. The hobgoblin hits you.
Unknown command.
Fire: n) +1 orcbow (elec) {Frauke}
Press: ? - help, Q - select action, (/) - cycle Shift-Dir - straight line, f/p - hobgoblin
Aim: a hobgoblin (heavily wounded, 52% to hit)
You shoot an arrow. The arrow hits the hobgoblin!
You kill the hobgoblin!
Trog accepts your kill. The orc hits you with a +0 war axe.
The ball python bites you but does no damage.
The ball python misses you.
Unknown command.
Fire: n) +1 orcbow (elec) {Frauke}
Press: ? - help, Q - select action, (/) - cycle Shift-Dir - straight line, f - orc
Aim: an orc, wielding a +0 war axe (52% to hit)
You shoot an arrow. The arrow barely misses the orc.
The orc hits you but does no damage. The ball python closely misses you.
The ball python grabs you. The ball python constricts you.
The orc hits you with a +0 war axe!
* * * LOW HITPOINT WARNING * * *
The ball python bites you but does no damage.
The ball python constricts you.
* * * LOW HITPOINT WARNING * * *
Unknown command.
Fire: n) +1 orcbow (elec) {Frauke}
Press: ? - help, Q - select action, (/) - cycle Shift-Dir - straight line, f/p - orc
Aim: an orc, wielding a +0 war axe (52% to hit)
You shoot an arrow. The arrow barely misses the orc.
The ball python bites you.
* * * LOW HITPOINT WARNING * * *
The ball python constricts you. The orc hits you with a +0 war axe.
You die...

#### ##########
...# ###........#
######## ##.#
##.#.######S#
#......#
#.###.#..## #@#
#.##...##
##.##.###..#####o#
#.#.##..#####
.....## ##....##)#
#..###.#....#
##..#.###..##.##.#
#..##.....#..
##.....#...##.##.#
#..##..#....#
#.....#.#........#
#.......#####
.....########.####
#.).........#
###.## #.#
#.###.#.###.# #.#
#######.# #.#
#.#.# #.#


You could see an orc and a ball python.

Vanquished Creatures
  A scorpion (D:2)
  An orc priest (D:3)
  An iguana (D:3)
  Robin (D:2)
  An adder (D:2)
  4 dart slugs
  A ribbon worm (D:3)
  2 orcs (D:3)
  7 bats
  3 endoplasms
  2 giant cockroaches (D:3)
  12 goblins
  10 hobgoblins
  5 jackals
  6 kobolds
  4 quokkas
  6 ball pythons
  A frilled lizard (D:2)
  5 rats
73 creatures vanquished.

Notes
Turn   | Place    | Note
-------+----------+-------------------------------------------
     0 | D:1      | Dazliare the Coglin Enchanter began the quest for the Orb.
     0 | D:1      | Reached XP level 1. HP: 13/13 MP: 3/3
    19 | D:1      | Reached skill level 1 in Short Blades
   113 | D:1      | Found Doinwuiv's Weapon Shop.
   219 | D:1      | Found Dedwavo's Assorted Antiques.
   221 | D:1      | Found Weifuhuo's Assorted Antiques.
   234 | D:1      | Reached XP level 2. HP: 6/19 MP: 4/4
   237 | D:1      | Learned a level 2 spell: Ensorcelled Hibernation
   358 | D:1      | Found Laemaett's Weapon Shop.
   438 | D:1      | Found Irarph's Jewellery Emporium.
   663 | D:1      | Reached XP level 3. HP: 24/24 MP: 5/5
  1019 | D:2      | Noticed a scorpion
  1027 | D:2      | Killed a scorpion
  1028 | D:2      | Reached skill level 2 in Ranged Weapons
  1028 | D:2      | Reached XP level 4. HP: 26/30 MP: 3/6
  1148 | D:2      | Noticed Robin
  1190 | D:2      | Killed Robin
  1260 | D:2      | Reached XP level 5. HP: 25/35 MP: 7/7
  1544 | D:2      | Found a faded altar of an unknown god.
  1938 | D:3      | Reached skill level 3 in Ranged Weapons
  2010 | D:1      | Bought a +1 orcbow of electrocution for 157 gold pieces
  2114 | D:3      | Found a shimmering blue altar of Sif Muna.
  2278 | D:3      | Reached skill level 1 in Polearms
  2309 | D:3      | Found a glowing silver altar of Zin.
  2314 | D:3      | Found a bloodstained altar of Trog.
  2315 | D:3      | Found an ornate altar of the Wu Jian Council.
  2315 | D:3      | Found a hide-covered altar of Uskayaw.
  2318 | D:3      | Found an opulent altar of Gozag.
  2319 | D:3      | Found a white marble altar of Elyvilon.
  2331 | D:3      | Became a worshipper of Trog the Wrathful
  3160 | D:3      | Slain by an orc

Illustrated notes

Levels and vault maps discovered:
D:1:      amcnicky_arrival_choice, layout_basic, serial_shops,
          nicolae_shop_bloodbath_and_beyond,
          nicolae_shop_competitors_out_of_business, nicolae_shop_rolling_square,
          shop, shop
D:2:      layout_rooms, basic_ecumenical_altar, dk_noncrumbling_4, uniq_robin
D:3:      layout_loops_corners, minitemple
D:4:      layout_rooms, serial_shops, nicolae_shop_window_shopping, shop, shop,
          shop, shop, grunt_ministairs_6, st_stairs_7

Skill      XL: |  1  2  3  4  5 |
---------------+----------------+-----
Short Blades   | 1 2 |  2.8
Ranged Weapons | 2 3 |  3.4
Polearms       | 1 |  1.8
Dodging        | |  1.7
Stealth        | |  2.4
Spellcasting   | |  1.7
Hexes          | |  2.6

Action                     |  1- 3 |  4- 6 || total
---------------------------+-------+-------++-------
  Melee: Dagger            |   121 |    78 ||   199
         Spear             |       |    73 ||    73
   Fire: Orcbow            |       |    42 ||    42
   Cast: Ensorcelled Hiber |     2 |     3 ||     5
    Use: Potion            |     1 |     1 ||     2
   Stab: Sleeping          |     6 |     3 ||     9
         Invisible         |       |     1 ||     1
 Armour: Robe              |    42 |    81 ||   123
  Dodge: Dodged            |    41 |    88 ||   129

Table legend: (Time is in decaauts)
 A = Elapsed time spent in this place.
 B = Non-inter-level travel time spent in this place.
 C = Inter-level travel time spent in this place.
 D = Time resting spent in this place.
 E = Time spent auto-exploring this place.
 F = Levels seen in this place.
 G = Mean time per level.
                   A        B        C        D        E       F      G
               +--------+--------+--------+--------+--------+-----+--------+
         Total |   3166 |   2931 |    235 |    472 |   1850 |   4 |  791.5 |
       Dungeon |   3166 |   2931 |    235 |    472 |   1850 |   4 |  791.5 |
               +--------+--------+--------+--------+--------+-----+--------+

Top non-repeatable levels by time:
     D:3: 1218 daAuts
     D:1: 1030 daAuts
     D:2: 910 daAuts
     D:4: 6 daAuts
